 Dungeon Crawl Stone Soup version 0.21.0-3-g78d12a8 (console) character file.

1396 removed the Cudgeler (level 9, -1/61 HPs)
             Began as a Halfling Fire Elementalist on Jan 9, 2018.
             Was an Initiate of Ru.
             Slain by a centaur (5 damage)
             ... on level 6 of the Dungeon.
             The game lasted 00:12:55 (7604 turns).

removed the Cudgeler (Halfling Fire Elementalist)   Turns: 7604, Time: 00:12:55

Health: -1/61      AC:  6    Str: 10    XL:     9   Next: 0%
Magic:  11/11      EV: 18    Int: 13    God:    Ru [......]
Gold:   393        SH:  0    Dex: 17    Spells: 10/11 levels left

rFire    + . .     SeeInvis +   a - +0 whip (freeze)
rCold    . . .     Gourm    .   (shield restricted)
rNeg     . . .     Faith    .   F - +2 robe {rF+}
rPois    .         Spirit   .   w - +0 helmet
rElec    .         Reflect  .   (no cloak)
rCorr    .         Harm     .   (no gloves)
MR       +....                  x - +0 pair of boots
Stlth    ++........             (no amulet)
HPRegen  0.20/turn              h - ring of see invisible
MPRegen  0.12/turn              s - ring of protection from magic

@: no status effects
A: small, mutation resistance 1
a: Renounce Religion


You were on level 6 of the Dungeon.
You worshipped Ru.
Ru was noncommittal.
You were not hungry.

You visited 2 branches of the dungeon, and saw 8 of its levels.

You collected 393 gold pieces.

Inventory:

Hand Weapons
 a - a +0 whip of freezing (weapon)
 b - a +0 flail of protection
 g - a +0 club
 l - a +0 hand axe
 o - a +0 spear
Armour
 k - a +0 robe
 w - a +0 helmet (worn)
 x - a +0 pair of boots (worn)
 F - a +2 robe of fire resistance (worn)
Magical Staves
 I - an uncursed staff of cold {unknown}
Jewellery
 h - a ring of see invisible (left hand)
 s - a ring of protection from magic (right hand)
Wands
 E - a wand of iceblast (8)
Scrolls
 e - 2 scrolls of blinking
 f - a scroll of fog {unknown}
 j - a scroll of amnesia
 m - a scroll of fear {unknown}
 n - a scroll of remove curse
 p - a scroll of noise {unknown}
 y - a scroll of teleportation {unknown}
 A - a scroll of immolation {unknown}
Potions
 r - 2 potions of mutation
 t - 2 potions of resistance
 u - 2 potions of flight
 z - a potion of curing {unknown}
 C - a potion of heal wounds
 H - a potion of berserk rage {unknown}
Books
 q - a book of Flames

   Spells                             Type                      Level
   a - Flame Tongue                   Conjuration/Fire             1
   b - Throw Flame                    Conjuration/Fire             2
   c - Conjure Flame                  Conjuration/Fire             3
   d - Inner Flame                    Hexes/Fire                   3
   e - Sticky Flame                   Conjuration/Fire             4
   f - Fireball                       Conjuration/Fire             5
Comestibles
 c - 10 rations


   Skills:
 - Level 5.1 Fighting
 + Level 6.5 Maces & Flails
 - Level 5.4 Dodging
 - Level 2.1 Stealth
 - Level 1.5 Spellcasting
 - Level 0.7 Conjurations
 - Level 3.0 Fire Magic


You had 10 spell levels left.
You knew the following spells:

 Your Spells              Type           Power        Failure   Level  Hunger
a - Flame Tongue          Conj/Fire      #....        12%         1    ##.....


Dungeon Overview and Level Annotations

Branches:
Dungeon (7/15)             Temple (1/1) D:5

Altars:
Ashenzari
Cheibriados
Dithmenos
Elyvilon
Fedhas
Gozag
Hepliaklqana
Kikubaaqudgha
Makhleb
Nemelex Xobeh
Okawaru
Qazlal
Ru
Sif Muna
Trog
Uskayaw
Vehumet
Wu Jian
Xom
Yredelemnul
Zin
The Shining One

Annotations:
D:4 exclusion: 2 ogres
D:6 inmateoo's ghost, novice DsWn


Innate Abilities, Weirdness & Mutations

You are small and have problems with some larger weapons.
You are somewhat resistant to further mutation.


Message History

The centaur shoots an arrow.
The arrow barely misses you. The adder misses you.
The shadow imp gestures at you.
You easily resist.
The centaur shoots an arrow.
The arrow barely misses you.
You see here an arrow.
There is a stone staircase leading up here.
The centaur unwields an uncursed shortbow.
The centaur misses you.
You climb upwards.
Level annotation: inmateoo's ghost, novice DsWn
There is a stone staircase leading down here.
Unknown command.
You hit the centaur. You freeze the centaur.
The centaur is severely wounded.
The centaur barely misses you.
Unknown command.
You hit the centaur but do no damage.
The centaur is severely wounded.
The centaur hits you.
You die...

#.#
#.##.###############
#.# #.##.# #.#
#.##.# #.# #.##.#
#.# #.##.#####
#.###........##
#.............#
########c###..#
##### #@# #..#
##.... #.###..####
#.....
#.........###[.###
#####..........#
#####.###### #.# #.#
#.#### #....#


You could see a centaur.

Vanquished Creatures
  Pikel (D:5)
  Sigmund (D:5)
  2 slaves (D:5)
  A centaur (D:6)
  A bullfrog (D:6)
  A scorpion (D:6)
  A crimson imp (D:5)
  2 bullfrog zombies (D:5)
  A hound (D:6)
  A jelly (D:5)
  2 orc priests
  2 orc wizards
  An iguana (D:5)
  3 worker ants (D:4)
  Robin (D:3)
  7 adders
  3 oozes
  A worm (D:3)
  4 dart slugs
  2 leopard geckos (D:1)
  13 orcs
  12 bats
  8 giant cockroaches
  13 hobgoblins
  10 jackals
  13 kobolds
  5 quokkas
  3 ball pythons
  6 frilled lizards
  15 goblins
  A jackal skeleton (D:4)
  A leopard gecko zombie (D:5)
  A quokka zombie (D:6)
  8 rats
  A fungus (D:2)
148 creatures vanquished.

Notes
Turn   | Place    | Note
-------+----------+-------------------------------------------
     0 | D:1      | removed the Halfling Fire Elementalist began the quest for the Orb.
     0 | D:1      | Reached XP level 1. HP: 11/11 MP: 3/3
   166 | D:1      | Reached skill level 1 in Fighting
   236 | D:1      | Reached XP level 2. HP: 11/18 MP: 0/4
   669 | D:1      | Reached XP level 3. HP: 24/24 MP: 1/5
  1491 | D:2      | Found a radiant altar of Vehumet.
  1505 | D:2      | Reached XP level 4. HP: 29/29 MP: 6/6
  1919 | D:2      | Reached XP level 5. HP: 34/34 MP: 3/7
  3139 | D:3      | Noticed Robin
  3167 | D:3      | Killed Robin
  3485 | D:3      | Reached XP level 6. HP: 35/42 MP: 3/8
  3649 | D:3      | Reached skill level 5 in Dodging
  3985 | D:4      | Noticed an ogre
  4460 | D:4      | You fall through a shaft!
  4460 | D:5      | Entered Level 5 of the Dungeon
  4695 | D:5      | Noticed a slave
  4762 | D:5      | Noticed a slave
  4762 | D:5      | Noticed a slave
  4781 | D:5      | Killed a slave
  4797 | D:5      | Killed a slave
  5077 | D:5      | Reached XP level 7. HP: 47/49 MP: 9/9
  5348 | D:4      | Reached skill level 5 in Fighting
  5814 | D:5      | Noticed Sigmund
  5881 | D:5      | Noticed Pikel
  5931 | D:5      | Killed Pikel
  5931 | D:5      | Reached skill level 4 in Maces & Flails
  5931 | D:5      | Reached XP level 8. HP: 50/55 MP: 10/10
  6028 | D:5      | Killed Sigmund
  6028 | D:5      | Reached skill level 5 in Maces & Flails
  6367 | D:5      | Found a staircase to the Ecumenical Temple.
  6378 | Temple   | Entered the Ecumenical Temple
  6549 | Temple   | Became a worshipper of Ru the Awakened
  7135 | D:6      | Reached skill level 6 in Maces & Flails
  7327 | D:6      | Reached XP level 9. HP: 37/61 MP: 11/11
  7459 | D:6      | Noticed inmateoo's ghost (novice DsWn)
  7594 | D:7      | HP: 2/61 [bullfrog (3)]
  7604 | D:6      | Slain by a centaur

Skill      XL: |  1  2  3  4  5  6  7  8 |
---------------+-------------------------+-----
Fighting       | 1 2 3 4 5 |  5.1
Dodging        | 3 4 5 |  5.4
Maces & Flails | 4 6 |  6.5
Stealth        | |  2.1
Spellcasting   | |  1.5
Conjurations   | |  0.7
Fire Magic     | |  3.0

Action                   |  1- 3 |  4- 6 |  7- 9 || total
-------------------------+-------+-------+-------++-------
Melee: Club              |    27 |       |       ||    27
       Spear             |    26 |    77 |       ||   103
       Hand axe          |    10 |       |       ||    10
       Flail             |       |   208 |    56 ||   264
       Whip              |       |       |   110 ||   110
 Cast: Flame Tongue      |    54 |    91 |     9 ||   154
  Use: Scroll            |       |     4 |     4 ||     8
       Potion            |       |     1 |     1 ||     2
 Stab: Sleeping          |       |     5 |     4 ||     9
  Eat: Chunk             |     4 |    14 |     5 ||    23
       Ration            |       |       |     1 ||     1
Armor: Robe              |    27 |    70 |    21 ||   118
       Skin              |       |    28 |       ||    28
Dodge: Dodged            |    98 |   298 |   175 ||   571
